 Dungeon Crawl Stone Soup version 0.30-a0-241-g1121274140 (webtiles) character file.

Game seed: 6589088403941472748

167 qw the Chopper (level 5, -6/32 HPs)
             Began as a Gargoyle Fighter on Oct 10, 2022.
             Killed by divine providence
             ... invoked by an orc priest
              (16 damage)
             ... on level 3 of the Dungeon.
             The game lasted 00:01:03 (2043 turns).

qw the Chopper (Gargoyle Fighter)                   Turns: 2043, Time: 00:01:03

Health: -6/32      AC: 15    Str: 32    XL:     5   Next: 48%
Magic:  5/5        EV:  7    Int:  7    God:
Gold:   128        SH:  4    Dex:  8    Spells: 4/4 levels left

rFire   . . .      SeeInvis .    Y - +0 war axe
rCold   . . .      Faith    .    c - +0 buckler
rNeg    + . .      Spirit   .    g - +0 plate armour
rPois   inf        Reflect  .    (no helmet)
rElec   +          Harm     .    (no cloak)
rCorr   .          Rampage  .    (no gloves)
Will    .....                    (no boots)
Stlth   ..........               (no amulet)
HPRegen 0.25/turn                n - +6 ring of strength
MPRegen 0.09/turn                (no ring)

@: no status effects
A: sickness immunity, AC +4, negative energy resistance 1, electricity
resistance, torment resistance 1, petrification resistance, strong 1
a: no special abilities


You were on level 3 of the Dungeon.
You visited 1 branch of the dungeon, and saw 3 of its levels.

You collected 128 gold pieces.


Innate Abilities, Weirdness & Mutations

You are immune to sickness and miasma.
Your stone body is resilient. (AC +4)
You are immune to poison.
You resist negative energy. (rN+)
You are resistant to electric shocks. (rElec)
You are resistant to unholy torment.
You are immune to petrification.
Your muscles are strong. (Str +4, Int/Dex -1)


   Skills:
 + Level 3.2 Fighting
 - Level 5.0 Axes
 - Level 3.2 Armour
 - Level 3.2 Shields


You had 4 spell levels left.
You didn't know any spells.
Your spell library was empty.

Inventory:

Hand Weapons
 a - a +0 flail
 Y - a +0 war axe (weapon)
Armour
 c - a +0 buckler (worn)
 g - a +0 plate armour (worn)
Jewellery
 n - a +6 ring of strength (left hand)
Scrolls
 f - a scroll of teleportation
Potions
 d - 2 potions of might
 m - a potion of resistance {unknown}
 o - a potion of heal wounds {unknown}

Dungeon Overview and Level Annotations

Branches:
Dungeon (3/15)

Altars:


Message History

The orc hits you but does no damage. The orc hits you with a +0 falchion.
You barely miss the orc.
The orc is heavily wounded.
The orc hits you with a +0 falchion.
You closely miss the orc.
The orc is heavily wounded.
You block the orc's attack.
You closely miss the orc.
The orc is heavily wounded.
The orc hits you but does no damage. x2
You slice the orc!!
You kill the orc!
The adder bites you but does no damage.
You slash the adder!
The adder is almost dead.
You block the adder's attack.
You hit the adder.
You kill the adder!
You block the orc's attack.
Your Axes skill increases to level 5!
You barely miss the orc.
The orc priest mumbles some strange prayers to Beogh against you.
Pain shoots through your body!
You closely miss the orc. The orc barely misses you.
You hit the orc priest.
The orc priest is lightly wounded.
You hit the orc but do no damage. The orc hits you but does no damage.
The orc priest hits you but does no damage.
The orc priest calls down the wrath of Beogh upon you.
Beogh smites you! The orc hits you with a +0 club.
You hit the orc priest.
The orc priest is heavily wounded.
You hit the orc.
You kill the orc!
The orc priest calls down the wrath of Beogh upon you.
Beogh smites you!
Ouch! That really hurt!
You die...

#....).....#
####.#.#####
#.#.# # ###.#.#
#. #...#.# .o.
##.###.# ....
##..# #.. #...
#..## ..
#..##@.##...
#..o).......
#....)#####.#.#
....### # ... #


You could see an orc priest.

Vanquished Creatures
  An orc priest (D:3)
  Jessica (D:2)
  A gnoll (D:1)
  2 adders
  A worm (D:2)
  4 dart slugs
  11 orcs
  2 bats (D:2)
  5 endoplasms
  2 giant cockroaches (D:1)
  5 goblins
  6 hobgoblins
  4 jackals (D:1)
  5 kobolds
  A quokka (D:1)
  5 ball pythons
  3 frilled lizards
  5 rats
64 creatures vanquished.

Notes
Turn   | Place    | Note
-------+----------+-------------------------------------------
     0 | D:1      | qw the Gargoyle Fighter began the quest for the Orb.
     0 | D:1      | Reached XP level 1. HP: 14/14 MP: 1/1
     0 | D:1      | 0 ||| qw: Version: 0.2-a-17-g06abaee
     0 | D:1      | 0 ||| qw: Game counter: 2380
     0 | D:1      | 0 ||| qw: Always use a shield: true
     0 | D:1      | 0 ||| qw: God list: Okawaru
     0 | D:1      | 0 ||| qw: Allow faded altars: false
     0 | D:1      | 0 ||| qw: Do Orc after D:15 true
     0 | D:1      | 0 ||| qw: Do second Lair branch before Depths: true
     0 | D:1      | 0 ||| qw: Lair rune preference: random
     0 | D:1      | 0 ||| qw: Plans: Normal, Zot:1-4, God:TSO, Crypt, Tomb,
                  | Pan, Slime:5, Hells, Abyss, Orb
     0 | D:1      | 0 ||| PLANNING D:1-11
    35 | D:1      | 35 ||| Stepping ~*~*~tactically~*~*~ (hiding).
    36 | D:1      | 36 ||| Stepping ~*~*~tactically~*~*~ (hiding).
    45 | D:1      | Reached skill level 2 in Axes
    51 | D:1      | Reached XP level 2. HP: 12/19 MP: 2/2
    61 | D:1      | 61 ||| Stepping ~*~*~tactically~*~*~ (stealth).
   438 | D:1      | Reached skill level 3 in Axes
   477 | D:1      | 477 ||| Stepping ~*~*~tactically~*~*~ (stealth).
   508 | D:1      | Reached XP level 3. HP: 23/23 MP: 3/3
  1012 | D:1      | 1012 ||| UPGRADING to +6 ring of strength.
  1013 | D:1      | 1013 ||| READING scroll labelled BOHEIKL XECOIH.
  1014 | D:1      | 1014 ||| READING 3 scrolls labelled LUICWU FESYAMN.
  1015 | D:1      | 1015 ||| READING scroll labelled ZEKKAEX SESO.
  1016 | D:1      | 1016 ||| READING scroll labelled VODGHI UCZUOXUN.
  1016 | D:1      | Identified a scroll of acquirement
  1016 | D:1      | 1016 ||| ACQUIRING +0 shadow dragon scales of Elyvilon's
                  | Scorn {rPois Str-4 Int+2 Stlth++++}
  1016 | D:1      | Acquired the +0 shadow dragon scales of Elyvilon's Scorn
                  | {rPois Str-4 Int+2 Stlth++++}
  1018 | D:1      | 1018 ||| UPGRADING to +0 shadow dragon scales of Elyvilon's
                  | Scorn {rPois Str-4 Int+2 Stlth++++}.
  1028 | D:1      | 1028 ||| DROPPING +0 scale mail.
  1029 | D:1      | 1029 ||| READING scroll labelled QIUKIJ WASEH.
  1030 | D:1      | 1030 ||| READING scroll labelled ROAGOQ BAHOUC.
  1031 | D:1      | 1031 ||| READING scroll labelled MAKEDIADAO.
  1032 | D:1      | 1032 ||| DROPPING 2 scrolls of summoning.
  1172 | D:2      | 1172 ||| Stepping ~*~*~tactically~*~*~ (stealth).
  1174 | D:2      | 1174 ||| Stepping ~*~*~tactically~*~*~ (stealth).
  1175 | D:2      | 1175 ||| Stepping ~*~*~tactically~*~*~ (stealth).
  1186 | D:2      | 1186 ||| Stepping ~*~*~tactically~*~*~ (stealth).
  1270 | D:2      | 1270 ||| Stepping ~*~*~tactically~*~*~ (stealth).
  1271 | D:2      | 1271 ||| Stepping ~*~*~tactically~*~*~ (stealth).
  1274 | D:2      | 1274 ||| Stepping ~*~*~tactically~*~*~ (stealth).
  1282 | D:2      | Reached XP level 4. HP: 27/28 MP: 4/4
  1316 | D:2      | 1316 ||| Stepping ~*~*~tactically~*~*~ (stealth).
  1317 | D:2      | 1317 ||| Stepping ~*~*~tactically~*~*~ (stealth).
  1319 | D:2      | 1319 ||| Stepping ~*~*~tactically~*~*~ (stealth).
  1338 | D:2      | 1338 ||| Stepping ~*~*~tactically~*~*~ (stealth).
  1341 | D:2      | 1341 ||| Stepping ~*~*~tactically~*~*~ (stealth).
  1344 | D:2      | 1344 ||| Stepping ~*~*~tactically~*~*~ (stealth).
  1346 | D:2      | 1346 ||| Stepping ~*~*~tactically~*~*~ (stealth).
  1488 | D:2      | 1488 ||| Stepping ~*~*~tactically~*~*~ (hiding).
  1499 | D:2      | Reached skill level 4 in Axes
  1587 | D:2      | Noticed Jessica
  1590 | D:2      | Killed Jessica
  1859 | D:2      | 1859 ||| UPGRADING to +0 plate armour.
  1869 | D:2      | 1869 ||| DROPPING +0 shadow dragon scales of Elyvilon's
                  | Scorn {rPois Str-4 Int+2 Stlth++++}.
  1870 | D:2      | 1870 ||| READING 2 scrolls labelled UFAEHOFONN.
  1874 | D:2      | 1874 ||| DRINKING 3 viscous brown potions.
  1874 | D:2      | Gained mutation: You are frail. (-10% HP) [potion of
                  | mutation]
  1874 | D:2      | Gained mutation: Armour fits poorly on your strangely
                  | shaped body. [potion of mutation]
  1874 | D:2      | Gained mutation: You have an increased reservoir of magic.
                  | (+10% MP) [potion of mutation]
  1874 | D:2      | Gained mutation: Your natural rate of healing is unusually
                  | fast. [potion of mutation]
  1875 | D:2      | 1875 ||| DRINKING 2 potions of mutation.
  1875 | D:2      | Lost mutation: You are frail. (-10% HP) [potion of
                  | mutation]
  1875 | D:2      | Lost mutation: Your natural rate of healing is unusually
                  | fast. [potion of mutation]
  1875 | D:2      | Gained mutation: You have sharp toenails. [potion of
                  | mutation]
  1875 | D:2      | Gained mutation: Your mind is acute. (Int +4, Str/Dex -1)
                  | [potion of mutation]
  1875 | D:2      | Lost mutation: Your mind is acute. (Int +4, Str/Dex -1)
                  | [potion of mutation]
  1888 | D:2      | 1888 ||| DRINKING potion of mutation.
  1888 | D:2      | Lost mutation: You have an increased reservoir of magic.
                  | (+10% MP) [potion of mutation]
  1888 | D:2      | Lost mutation: Armour fits poorly on your strangely shaped
                  | body. [potion of mutation]
  1888 | D:2      | Lost mutation: You have sharp toenails. [potion of
                  | mutation]
  1888 | D:2      | Gained mutation: Your muscles are strong. (Str +4, Int/Dex
                  | -1) [potion of mutation]
  1889 | D:2      | 1889 ||| DRINKING 2 green potions.
  1890 | D:2      | 1890 ||| DROPPING potion of flight.
  1921 | D:3      | Reached XP level 5. HP: 29/32 MP: 5/5
  1922 | D:3      | 1922 ||| Stepping ~*~*~tactically~*~*~ (stealth).
  1925 | D:3      | 1925 ||| STAIRDANCE
  1934 | D:3      | 1934 ||| STAIRDANCE
  1960 | D:3      | 1960 ||| DROPPING +0 club.
  1966 | D:3      | 1966 ||| Stepping ~*~*~tactically~*~*~ (hiding).
  1982 | D:3      | 1982 ||| FLEEEEING.
  1988 | D:3      | 1988 ||| FLEEEEING.
  1989 | D:3      | 1989 ||| FLEEEEING.
  1990 | D:3      | 1990 ||| FLEEEEING.
  1991 | D:3      | 1991 ||| STAIRDANCE
  2021 | D:3      | 2021 ||| Stepping ~*~*~tactically~*~*~ (hiding).
  2031 | D:3      | 2031 ||| Stepping ~*~*~tactically~*~*~ (hiding).
  2040 | D:3      | Reached skill level 5 in Axes
  2043 | D:3      | Killed from afar by an orc priest

Levels and vault maps discovered:
D:1:      lightli_arrival_isolated_outpost, layout_basic, serial_curves,
          eino_curves_03, eino_curves_04
D:2:      layout_basic, minmay_nonomino_d4, uniq_jessica
D:3:      layout_rooms, shapermc_ecumenical_altar_pompeii,
          kennysheep_generic_room_9, uniq_robin

Skill      XL: |  1  2  3  4  5 |
---------------+----------------+-----
Axes           | 2 3 4 5 |  5.0
Fighting       | |  3.2
Armour         | |  3.2
Shields        | |  3.2

Action                   |  1- 3 |  4- 6 || total
-------------------------+-------+-------++-------
Melee: War axe           |    97 |    92 ||   189
  Use: Scroll            |     7 |     1 ||     8
       Potion            |       |     4 ||     4
Armor: Scale mail        |    35 |       ||    35
       Shadow dragon sca |    13 |    26 ||    39
       Plate armour      |       |    36 ||    36
Dodge: Dodged            |    59 |    26 ||    85
Block: Buckler           |    18 |    21 ||    39

Table legend:
 A = Non-vault XP
 B = Vault XP
 C = Vault XP percentage of total XP
 D = Non-vault monster count
 E = Vault monster count
 F = Vault count percentage of total count
                 A         B        C        D         E       F
            +---------+---------+-------+---------+---------+-------
      Total |     192 |      50 |  20.7 |      55 |       9 |  14.1
            +---------+---------+-------+---------+---------+-------
        D:1 |      54 |       0 |   0.0 |      23 |       0 |   0.0
        D:2 |      48 |      50 |  51.0 |      17 |       9 |  34.6
        D:3 |      90 |       0 |   0.0 |      15 |       0 |   0.0
            +---------+---------+-------+---------+---------+-------
